 Dungeon Crawl Stone Soup version 0.17.0-7-gfadd4cc (webtiles) character file.

140 MDvedh the Chopper (level 5, -1/46 HPs)
             Began as a Hill Orc Ice Elementalist on Nov 8, 2015.
             Slain by an adder (3 damage)
             ... on level 3 of the Dungeon.
             The game lasted 00:04:35 (3071 turns).

MDvedh the Chopper (Hill Orc Ice Elementalist)      Turns: 3071, Time: 00:04:35

Health: -1/46      AC:  2    Str: 12    XL:     5   Next: 22%
Magic:  7/7        EV:  5    Int: 15    God:
Gold:   137        SH:  0    Dex: 11    Spells: 1 memorised, 6 levels left

rFire  . . .     SeeInvis .     m - +0 whip (venom)
rCold  . . .     Clarity  .     h - +0 chain mail
rNeg   . . .     SustAt   .     (no shield)
rPois  .         Gourm    .     k - +1 hat
rElec  .         Spirit   .     n - +0 cloak
rCorr  .         Warding  .     (no gloves)
rMut   .         Stasis   .     (no boots)
MR     .....                    (no amulet)
Stlth  ..........               (no ring)
                                (no ring)

@: lethally poisoned (-1 -> -3), corroded equipment, very slightly contaminated,
invisible, not resistant to hostile enchantments, extremely unstealthy
A: no striking features
a: no special abilities


You were on level 3 of the Dungeon.
You were near starving.

You visited 1 branch of the dungeon, and saw 3 of its levels.

You collected 137 gold pieces.

Inventory:

Hand Weapons
 i - a +0 hand axe
 m - a +0 whip of venom (weapon)
Missiles
 f - 4 javelins (quivered)
Armour
 h - a +0 chain mail (worn)
 k - a +1 hat (worn)
 n - a +0 cloak (worn)
Scrolls
 j - a scroll of identify
Potions
 g - a potion of degeneration {unknown}
 l - a potion of curing {unknown}
Books
 b - a book of Frost

   Spells                             Type                      Level
   a - Freeze                         Ice                          1
   b - Throw Frost                    Conjuration/Ice              2
   c - Ozocubu's Armour               Charms/Ice                   3
   d - Throw Icicle                   Conjuration/Ice              4
   e - Summon Ice Beast               Ice/Summoning                4
   f - Condensation Shield            Ice                          4
Comestibles
 c - 2 bread rations
 d - 2 meat rations
 p - a beef jerky


   Skills:
 - Level 3.7 Fighting
 + Level 3.8(4.1) Axes
 - Level 1.4(2.5) Maces & Flails
 - Level 1.5 Dodging
 - Level 1.5 Stealth
 - Level 1.5 Spellcasting
   Level 1.0 Conjurations
 - Level 2.6 Ice Magic


You had 6 spell levels left.
You knew the following spells:

 Your Spells              Type           Power        Failure   Level  Hunger
a - Freeze                Ice            #...         100%        1    ##.....


Dungeon Overview and Level Annotations

Branches:
Dungeon (3/15)

Altars:


Message History

You kill the jelly!
You have reached level 5!
You feel stronger.
You closely miss the adder. The adder barely misses you.
Unknown command.
You closely miss the adder. The adder bites you.
* * * LOW HITPOINT WARNING * * *
Unknown command.
You feel sick.
You hit the adder.
The adder is poisoned.
The adder is heavily wounded.
The adder bites you.
* * * LOW HITPOINT WARNING * * *
The adder barely misses you.
Unknown command.
You miss the adder.
The adder is almost dead.
You are near starving!
The adder bites you.
You die...

##...###(..###...##
##### #...# #####
##...###...# #...##
##.....##...##.....#
#.......#)..#.......
#..[....'...'....$..
######
#.......#(..#.......
.....#
##.....##S..##...?.#
####.#
##...##@[...##...## .#
#.##########....#.# ####
.###.......####(.###...
..†.######...........###
###.###<#######.#.####
#....†# ..#... #######
.#####.# #. ... # ###


You could see an adder.

Vanquished Creatures
  An orc wizard (D:3)
  A jelly (D:3)
  An adder (D:3)
  2 worms
  2 giant geckos (D:3)
  3 orcs (D:3)
  A ball python (D:1)
  5 giant cockroaches
  5 goblins
  6 hobgoblins
  7 jackals
  8 kobolds
  A quokka (D:3)
  5 bats
  3 giant newts
  2 rats
53 creatures vanquished.

Notes
Turn   | Place    | Note
--------------------------------------------------------------
     0 | D:1      | MDvedh the Hill Orc Ice Elementalist began the quest for the Orb.
     0 | D:1      | Reached XP level 1. HP: 14/14 MP: 3/3
   285 | D:1      | Reached skill level 1 in Fighting
   301 | D:1      | Reached XP level 2. HP: 7/24 MP: 0/4
  1446 | D:2      | Reached skill level 3 in Fighting
  1468 | D:2      | Reached XP level 3. HP: 15/31 MP: 5/5
  2504 | D:3      | Reached skill level 1 in Maces & Flails
  2514 | D:3      | Reached XP level 4. HP: 37/40 MP: 6/6
  2571 | D:3      | Reached skill level 1 in Axes
  3065 | D:3      | Reached XP level 5. HP: 8/46 MP: 7/7
  3069 | D:3      | HP: 1/46 [adder (4)]
  3071 | D:3      | Slain by an adder

Action                   |  1- 3 |  4- 6 || total
-------------------------+-------+-------++-------
Melee: Unarmed           |    24 |       ||    24
       Whip              |    92 |    44 ||   136
Throw: Javelin           |    10 |       ||    10
 Cast: Freeze            |    21 |       ||    21
  Use: Scroll            |     5 |       ||     5
       Potion            |       |     2 ||     2
 Stab: Sleeping          |     1 |       ||     1
       Invisible         |       |     1 ||     1
  Eat: Meat ration       |     1 |       ||     1
       Chunk             |       |     1 ||     1
